AoeStats
← LArcadia49

Coastal Forest

510307670Analyzed
4v4 RM · 22h ago on Sep 30, 2026· 36m 17s· 8 players
Game mode
Random Map
Map size
Large (8 player)
Population
200
Speed
Normal
Resources
Standard
Victory
Conquest
Starting age
Dark Age
Ending age
Imperial Age
RankedLock teamsTeams togetherTeam positionsShared explorationLock speedFull tech treeHidden civsTurbo modeCheats
Victory
Defeat
🇨🇳 Mongols · China
1334
+11
🇲🇴 Cumans · Macao SAR China
1297
+13
🇹🇼 Koreans · Taiwan
1244
+15
🇹🇼 Persians · Taiwan
1100
+20
🇭🇰 Chinese · Hong Kong SAR China
1297
-18
🇨🇳 Khmer · China
1232
-15
🇨🇳 Huns · China
1183
-13
🇫🇷 Goths · France
1165
-13
神采飞扬
4:19 Loom
13:03 Feudal Age
16:31 Castle Age
14:46 Horse Collar
15:24 Horse Collar
15:37 Double-Bit Axe
17:53 Bloodlines
26:34 Husbandry
29:23 Bow Saw
30:16 Wheelbarrow
29:28 Town Watch
LArcadia49
11:17 Feudal Age
9:34 Loom
13:06 Double-Bit Axe
17:47 Castle Age
16:37 Horse Collar
17:52 Scale Mail Armor
18:38 Forging
18:59 Squires
20:47 Wheelbarrow
20:29 Man-at-Arms
22:03 Town Watch
23:19 Sanctity
24:17 Hand Cart
25:09 Pikeman
27:06 Fervor
30:18 Bow Saw
31:06 Iron Casting
30:47 Chain Mail Armor
cheung1993
0:28 Loom
11:04 Feudal Age
15:12 Castle Age
13:28 Horse Collar
15:18 Double-Bit Axe
16:09 Bow Saw
16:06 Gold Mining
18:34 Wheelbarrow
26:15 Gold Shaft Mining
29:48 Imperial Age
27:30 Fletching
27:41 Stone Mining
28:17 Bodkin Arrow
28:22 Padded Archer Armor
28:44 Ballistics
28:55 Heavy Plow
29:39 Stone Shaft Mining
29:23 Hand Cart
28:44 Crossbowman
29:44 Thumb Ring
30:41 Leather Archer Armor
30:35 Bracer
31:41 Chemistry
30:25 Arbalester
33:22 Conscription
33:54 Ring Archer Armor
35:06 Scale Barding Armor
35:11 Forging
MEMS
8:50 Loom
10:44 Feudal Age
15:18 Castle Age
14:03 Double-Bit Axe
14:15 Horse Collar
16:02 Wheelbarrow
15:34 Scale Barding Armor
32:25 Imperial Age
31:01 Hand Cart
31:09 Fletching
31:20 Padded Archer Armor
31:43 Ballistics
31:34 Stone Mining
32:53 Leather Archer Armor
32:34 Bodkin Arrow
32:41 Murder Holes
33:30 Conscription
34:58 Chemistry
35:19 Parthian Tactics
34:56 Bracer
35:42 Forging
嘎哥
0:31 Loom
10:35 Feudal Age
11:25 Double-Bit Axe
21:10 Horse Collar
21:23 Town Watch
27:02 Castle Age
26:14 Wheelbarrow
27:43 Bow Saw
27:45 Scale Barding Armor
27:31 Fletching
27:52 Forging
31:16 Iron Casting
31:01 Chain Barding Armor
31:48 Hand Cart
32:08 Gold Mining
32:26 Stone Mining
34:03 Heavy Plow
35:00 Bloodlines
34:51 Husbandry
小寧哥
9:28 Feudal Age
8:49 Loom
10:24 Double-Bit Axe
10:39 Horse Collar
13:01 Wheelbarrow
17:07 Castle Age
16:44 Gold Mining
18:23 Scale Barding Armor
19:08 Bloodlines
20:23 Forging
23:37 Hand Cart
27:23 Imperial Age
25:59 Chain Barding Armor
25:40 Town Watch
26:32 Iron Casting
27:03 Gold Shaft Mining
28:55 Plate Barding Armor
28:20 Cavalier
29:15 Bow Saw
29:06 Heavy Plow
29:02 Stone Mining
31:11 Blast Furnace
30:57 Elite Steppe Lancer
32:30 Fletching
33:10 Paladin
34:51 Bodkin Arrow
35:21 Masonry
夜色桃香
11:08 Feudal Age
12:22 Loom
14:50 Castle Age
12:37 Double-Bit Axe
12:55 Fishing Lines
15:49 Bow Saw
15:47 Loom
17:39 Gillnets
17:56 Stone Mining
24:25 Wheelbarrow
24:22 Gold Mining
25:06 Horse Collar
29:21 Imperial Age
26:54 Fletching
27:12 Husbandry
27:28 Padded Archer Armor
28:20 Gold Shaft Mining
27:47 Bodkin Arrow
28:52 Hand Cart
29:50 Bloodlines
30:10 Ballistics
30:26 Conscription
30:09 Bracer
31:12 Chemistry
31:14 Leather Archer Armor
31:03 Elite Mangudai
32:04 Town Watch
淺色
7:53 Loom
9:52 Feudal Age
17:21 Double-Bit Axe
29:11 Horse Collar
31:08 Wheelbarrow
37:02 Castle Age
Connection lost

Rejoining the realm…

Still unreachable

The connection could not be restored.

Session expired

The server has moved on; the page needs a fresh start.